 Dungeon Crawl Stone Soup version 0.21.1-1-g345015f (webtiles) character file.

209 dvd the Slasher (level 5, -11/61 HPs)
             Began as a Demonspawn Monk on July 4, 2018.
             Was a Priest of Cheibriados.
             Killed by divine providence
             ... invoked by an orc priest
              (14 damage)
             ... on level 3 of the Dungeon.
             The game lasted 00:08:15 (2550 turns).

dvd the Slasher (Demonspawn Monk)                   Turns: 2550, Time: 00:08:15

Health: -11/61     AC: 22    Str: 20    XL:     5   Next: 55%
Magic:  2/6        EV:  2    Int: 20    God:    Cheibriados [***...]
Gold:   101        SH:  5    Dex: 25    Spells: 4/4 levels left

rFire    x . .     SeeInvis .   a - +0 falchion
rCold    + . .     Gourm    .   s - +0 buckler
rNeg     + + +     Faith    .   (armour currently unavailable)
rPois    +         Spirit   .   (helmet currently unavailable)
rElec    .         Reflect  .   (cloak currently unavailable)
rCorr    .         Harm     .   (gloves currently unavailable)
MR       .....     NoTele   +   (boots currently unavailable)
Stlth    +++.......             (no amulet)
HPRegen  0.20/turn              k - ring of ice
MPRegen  0.10/turn              (no ring)

@: tree-form, very slow
A: thin skeletal structure 1, deterioration 1, rot immunity
a: Bend Time, Temporal Distortion, Renounce Religion


You were on level 3 of the Dungeon.
You worshipped Cheibriados.
Cheibriados was most pleased with you.
You were not hungry.
You were a tree.
You visited 1 branch of the dungeon, and saw 3 of its levels.

You collected 101 gold pieces.

Inventory:

Hand Weapons
 a - a +0 falchion (weapon)
 j - a +1 hand axe of flaming
 w - a +0 hunting sling
Armour
 b - a +0 robe
 h - a +0 pair of boots (melded)
 l - a +0 ring mail of fire resistance (melded)
 s - a +0 buckler (worn)
 t - a +0 cloak (melded)
Jewellery
 k - a ring of ice (left branch)
Scrolls
 d - 2 scrolls of teleportation {unknown}
 e - 3 scrolls of identify {unknown}
 f - a scroll of blinking {unknown}
 i - a scroll of amnesia {unknown}
Potions
 g - a potion of mutation
 m - 2 potions of heal wounds {unknown}
 n - a potion of berserk rage {unknown}
 o - a potion of curing {unknown}
 p - a potion of resistance {unknown}
 q - a potion of agility {unknown}
 r - a potion of invisibility {unknown}
 u - a potion of lignification
Comestibles
 c - 7 rations


   Skills:
 + Level 3.6 Fighting
 + Level 4.1 Long Blades
 + Level 0.9 Armour
 + Level 3.1 Dodging
 + Level 2.7 Stealth
 + Level 0.2 Shields
 * Level 2.2 Invocations


You had 4 spell levels left.
You didn't know any spells.

Dungeon Overview and Level Annotations

Branches:
Dungeon (3/15)

Altars:
Cheibriados
Qazlal
Uskayaw


Innate Abilities, Weirdness & Mutations

You have a somewhat thin skeletal structure. (Dex +2, Stealth)
You are immune to rotting.
((You have a pair of small antennae on your head.))
((You have large cloven feet.))
Your body sometimes deteriorates upon taking damage.


Message History

Beogh smites you!
* * * LOW HITPOINT WARNING * * *
The orc barely misses you.
It was a potion of mutation.
You feel extremely strange.
Your feet thicken and deform.
You feel yourself wasting away. A pair of antennae grows on your head!
You block the orc's attack.
It was a potion of lignification.
You turn into a tree.
Your +0 cloak melds into your body.
Your +0 pair of boots melds into your body.
Your +0 ring mail of fire resistance melds into your body.
You feel less resistant to fire.
Your roots penetrate the ground.
You block the orc's attack.
The orc priest miscasts a cantrip.
You closely miss the orc.
The orc is heavily wounded.
The orc hits you but does no damage.
The orc priest calls down the wrath of Beogh upon you.
Beogh smites you!
You die...

..........^#^≈^.^≈#^^.#
##.........(^....(^^#.#
#)....####.##...####.#
#(########. #.#......#
##(........ #.######
<...####### #.# ###.#
#.# #.# #.# #.# #♣# #.#
#o# #.. #o# ### #o# #.#
#.# .$# ###


You could see an orc priest and 2 orcs.

Vanquished Creatures
  A crimson imp (D:2)
  An orc priest (D:3)
  A worker ant (D:3)
  4 adders
  2 oozes (D:1)
  A worm (D:2)
  A leopard gecko (D:1)
  3 orcs (D:3)
  2 giant cockroaches
  8 goblins
  11 hobgoblins
  7 jackals (D:1)
  2 quokkas (D:2)
  3 ball pythons
  8 bats
  5 frilled lizards
  9 kobolds
  6 rats
75 creatures vanquished.

Notes
Turn   | Place    | Note
-------+----------+-------------------------------------------
     0 | D:1      | dvd the Demonspawn Monk began the quest for the Orb.
     0 | D:1      | Reached XP level 1. HP: 18/18 MP: 1/1
   357 | D:1      | Gained mutation: You have a somewhat thin skeletal structure. (Dex +2, Stealth) [demonic ancestry]
   357 | D:1      | Reached XP level 2. HP: 21/24 MP: 2/2
   370 | D:1      | Reached skill level 3 in Long Blades
   688 | D:1      | Found a snail-covered altar of Cheibriados.
   704 | D:1      | Became a worshipper of Cheibriados the Contemplative
   704 | D:1      | Reached * piety under Cheibriados
   704 | D:1      | Reached ** piety under Cheibriados
   819 | D:1      | Gained mutation: You are immune to rotting. [demonic ancestry]
   819 | D:1      | Reached XP level 3. HP: 28/29 MP: 3/3
  1483 | D:2      | Reached *** piety under Cheibriados
  1484 | D:2      | Reached XP level 4. HP: 31/35 MP: 4/4
  1524 | D:2      | Reached skill level 1 in Invocations
  1529 | D:2      | Noticed a hand axe
  1530 | D:2      | Found a hide-covered altar of Uskayaw.
  1532 | D:2      | Noticed a dagger
  1697 | D:2      | Found a snail-covered altar of Cheibriados.
  2331 | D:3      | Found a faded altar of an unknown god.
  2337 | D:3      | Reached skill level 4 in Long Blades
  2337 | D:3      | Reached XP level 5. HP: 41/41 MP: 6/6
  2481 | D:3      | Found a stormy altar of Qazlal.
  2547 | D:3      | HP: 2/41 [orc priest/divine providence (12)]
  2548 | D:3      | Gained mutation: You have large cloven feet. [potion of mutation]
  2548 | D:3      | Gained mutation: Your body sometimes deteriorates upon taking damage. [potion of mutation]
  2548 | D:3      | Gained mutation: You have a pair of small antennae on your head. [potion of mutation]
  2550 | D:3      | Killed from afar by an orc priest

Skill      XL: |  1  2  3  4  5 |
---------------+----------------+-----
Long Blades    | 3 4 |  4.1
Stealth        | 2 |  2.7
Dodging        | 3 |  3.1
Invocations    | 1 2 |  2.2
Fighting       | |  3.6
Armour         | |  0.9
Shields        | |  0.2

Action                   |  1- 3 |  4- 6 || total
-------------------------+-------+-------++-------
Melee: Falchion          |   126 |   127 ||   253
Invok: Bend Time         |       |     2 ||     2
  Use: Potion            |       |     2 ||     2
 Stab: Sleeping          |     3 |     7 ||    10
       Distracted        |       |     1 ||     1
  Eat: Chunk             |     1 |     2 ||     3
Armor: Robe              |    11 |       ||    11
       Ring mail         |    13 |    37 ||    50
       Skin              |       |     1 ||     1
Dodge: Dodged            |    89 |    55 ||   144
Block: Buckler           |     7 |    32 ||    39
       Rpst.: Falchion   |    32 |    16 ||    48
